 Dungeon Crawl Stone Soup version 0.28-a0-425-gd0eccab798 (webtiles) character file.

Game seed: 4245752126140765579

170 heikuro the Skirmisher (level 5, -5/43 HPs)
             Began as a Formicid Fighter on Sept 10, 2021.
             Killed from afar by Ijyb (9 damage)
             ... with a bolt of acid
             ... on level 3 of the Dungeon.
             The game lasted 00:03:30 (2464 turns).

heikuro the Skirmisher (Formicid Fighter)           Turns: 2464, Time: 00:03:30

Health: -5/43      AC:  5    Str: 21    XL:     5   Next: 80%
Magic:  5/5        EV:  7    Int:  8    God:
Gold:   105        SH:  4    Dex: 10    Spells: 4/4 levels left

rFire   . . .      SeeInvis +   a - +0 long sword
rCold   . . .      Faith    .   c - +0 buckler
rNeg    . . .      Spirit   .   n - +0 chain mail
rPois   .          Reflect  .   (helmet unavailable)
rElec   .          Harm     .   (no cloak)
rCorr   .          Rampage  .   m - +2 pair of gloves
Will    .....                   l - +0 pair of boots
Stlth   ..........              (no amulet)
HPRegen 0.14/turn               (no ring)
MPRegen 0.09/turn               (no ring)

@: corroded
A: permanent stasis, dig shafts and tunnels, antennae 3, four strong arms
a: Dig, Shaft Self


You were on level 3 of the Dungeon.
You visited 1 branch of the dungeon, and saw 3 of its levels.

You collected 105 gold pieces.

Inventory:

Hand Weapons
 a - a +0 long sword (weapon)
Missiles
 j - 8 datura-tipped darts
 o - 8 boomerangs
Armour
 c - a +0 buckler (worn)
 l - a +0 pair of boots (worn)
 m - a +2 pair of gloves (worn)
 n - a +0 chain mail (worn)
Scrolls
 f - a scroll of teleportation {unknown}
 g - a scroll of fear {unknown}
 p - a scroll of amnesia {unknown}
 q - a scroll of silence {unknown}
Potions
 b - a potion of lignification
 d - a potion of might
 e - a potion of cancellation
 i - a potion of mutation
 k - 2 potions of curing {unknown}


   Skills:
 + Level 4.3 Fighting
 * Level 4.1 Long Blades
 + Level 4.3 Armour
 - Level 3.6 Shields


You had 4 spell levels left.
You didn't know any spells.
Your spell library contained the following spells:

 Spells                   Type           Power      Damage    Failure   Level
 Sting                    Tmut/Pois      0%         1d3       98%         1
 Poisonous Vapours        Pois/Air       0%         N/A       99%         2
 Olgreb's Toxic Radiance  Pois           0%         N/A       100%        4


Dungeon Overview and Level Annotations

Branches:
Dungeon (3/15)

Altars:

Annotations:
D:3 Ijyb


Innate Abilities, Weirdness & Mutations

You cannot be hasted, slowed, berserked, paralysed or teleported.
You can dig through walls and to a lower floor.
You have a pair of large antennae on your head. (SInv)
Your four strong arms can wield two-handed weapons with a shield.


Message History

Okay, then.
As you read the scroll of identify, it crumbles to dust.
i - a potion of mutation
Okay, then.
You sense a monster nearby.
Ijyb the Twisted Goblin comes into view.
She is wielding a +0 dagger, wearing a +1 chain mail of fire resistance and carrying a wand of acid (9).
Ijyb shouts!
You barely miss Ijyb. Ijyb hits you but does no damage. x2
You closely miss Ijyb.
Ijyb zaps a wand.
The bolt of acid misses you.
You barely miss Ijyb.
Ijyb zaps a wand.
The bolt of acid hits you!!
Ouch! That really hurt!
The acid corrodes you!
You hit Ijyb but do no damage. Ijyb hits you but does no damage.
You closely miss Ijyb. Ijyb hits you but does no damage.
You hit Ijyb.
Ijyb is lightly wounded.
Ijyb zaps a wand.
The bolt of acid misses you. Ijyb hits you but does no damage.
You hit Ijyb but do no damage.
Ijyb is lightly wounded.
You block Ijyb's attack.
You hit Ijyb but do no damage.
Ijyb is lightly wounded.
Ijyb hits you but does no damage.
You barely miss Ijyb.
Ijyb is lightly wounded.
Ijyb grins evilly.
You block Ijyb's attack.
You hit Ijyb but do no damage.
Ijyb is lightly wounded.
Ijyb barely misses you.
You hit Ijyb but do no damage.
Ijyb is lightly wounded.
Ijyb zaps a wand.
The bolt of acid hits you!!
* * * LOW HITPOINT WARNING * * *
The acid corrodes you!
You barely miss Ijyb.
Ijyb is lightly wounded.
Ijyb barely misses you.
Ijyb zaps a wand.
The bolt of acid hits you!
You die...

#.# #♣≈≈≈≈≈≈♣# #.#
##≈.≈.P≈.# #.#
#....≈.P.# #.#
##..P..### #.#
##.####### #.#
#.......# #.#
#####.... ##.##
######### #...#
#####...####...@...#
##)##
...>..........###g#.#
#.# ######...######
....# #.# ##.##
.....# #.# #.#
##...## #.# #.# ##.##
#.# #+# #.# #.# #.#
#.# #.#


You could see Ijyb.

Vanquished Creatures
  6 adders
  4 gnolls (D:3)
  2 worms
  A dart slug (D:1)
  3 orcs (D:3)
  6 ball pythons
  5 bats
  9 endoplasms
  2 giant cockroaches (D:3)
  5 goblins
  3 hobgoblins
  5 kobolds
  6 quokkas
  A frilled lizard (D:2)
  7 rats
65 creatures vanquished.

Notes
Turn   | Place    | Note
-------+----------+-------------------------------------------
     0 | D:1      | heikuro the Formicid Fighter began the quest for the Orb.
     0 | D:1      | Reached XP level 1. HP: 18/18 MP: 1/1
    88 | D:1      | Reached XP level 2. HP: 21/24 MP: 2/2
   324 | D:1      | Reached XP level 3. HP: 23/29 MP: 3/3
   764 | D:2      | Reached XP level 4. HP: 30/37 MP: 4/4
  1728 | D:3      | Reached XP level 5. HP: 42/42 MP: 5/5
  2451 | D:3      | Noticed Ijyb
  2464 | D:3      | Killed from afar by Ijyb

Illustrated notes

Levels and vault maps discovered:
D:1:      wander_arrival_fairy_ring, layout_rooms
D:2:      layout_basic, grunt_ministairs_11
D:3:      layout_loops_corners, serial_bayou_pond_b, uniq_ijyb

Skill      XL: |  1  2  3  4  5 |
---------------+----------------+-----
Long Blades    | 3 4 |  4.1
Fighting       | 4 |  4.3
Armour         | 4 |  4.3
Shields        | |  3.6

Action                   |  1- 3 |  4- 6 || total
-------------------------+-------+-------++-------
Melee: Long sword        |    67 |   145 ||   212
 Abil: Dig               |     1 |       ||     1
  Use: Scroll            |       |     3 ||     3
Armor: Scale mail        |    32 |    15 ||    47
       Chain mail        |       |    53 ||    53
Dodge: Dodged            |    35 |    42 ||    77
Block: Buckler           |    19 |    32 ||    51

Table legend: (Time is in decaauts)
 A = Elapsed time spent in this place.
 B = Non-inter-level travel time spent in this place.
 C = Inter-level travel time spent in this place.
 D = Time resting spent in this place.
 E = Time spent auto-exploring this place.
 F = Levels seen in this place.
 G = Mean time per level.
                   A        B        C        D        E       F      G
               +--------+--------+--------+--------+--------+-----+--------+
         Total |   2515 |   2437 |     78 |    517 |   1272 |   3 |  838.3 |
       Dungeon |   2515 |   2437 |     78 |    517 |   1272 |   3 |  838.3 |
               +--------+--------+--------+--------+--------+-----+--------+

Top non-repeatable levels by time:
     D:2: 1122 daAuts
     D:3: 790 daAuts
     D:1: 602 daAuts
